 Dungeon Crawl Stone Soup version 0.19.0-11-g3fc08b3 (webtiles) character file.

314855 inmateoo the Executioner (level 20, -1/182 HPs)
             Began as a Minotaur Gladiator on Nov 8, 2016.
             Was a High Priest of Uskayaw.
             Slain by a vault warden
             ... wielding a cursed -1 great mace
              (21 damage)
             ... on level 1 of the Vaults.
             The game lasted 00:58:58 (35738 turns).

inmateoo the Executioner (Minotaur Gladiator)      Turns: 35738, Time: 00:58:59

Health: -1/182     AC: 29    Str: 22    XL:     20   Next: 11%
Magic:  29/35      EV: 19    Int:  3    God:    Uskayaw [*****.]
Gold:   1747       SH: 17    Dex: 18    Spells: 5 memorised, 6 levels left

rFire  + . .     SeeInvis .     a - +6 broad axe (elec)
rCold  + + .     Gourm    .     O - +0 storm dragon scales
rNeg   . . .     Faith    .     i - +0 shield {AC+3}
rPois  +         Spirit   .     c - +1 hat
rElec  +         Reflect  +     H - +2 cloak {MR+}
rCorr  .         Harm     .     (no gloves)
MR     ++...                    M - +2 pair of boots of the Assassin {DetectMon Stab+ Stlth++}
Stlth  +++.......               I - +3 amulet of reflection
                                G - ring of protection from fire
                                R - ring "Etseri" {rPois rC+ MP+9 Stlth+}

@: very slightly contaminated, hasted, very quick
A: retaliatory headbutt, horns 2, cold resistance 1, dopey 1, subdued magic 1
a: Stomp, Line Pass, Grand Finale, Renounce Religion
}: 3/15 runes: serpentine, barnacled, abyssal


You were on level 1 of the Vaults.
You worshipped Uskayaw.
Uskayaw was aware of your devotion.
You were not hungry.

You visited 9 branches of the dungeon, and saw 35 of its levels.
You visited the Abyss 4 times.
You visited 1 bazaar.
You also visited: Ice Cave.

You collected 3818 gold pieces.
You spent 2071 gold pieces at shops.

Inventory:

Hand Weapons
 a - a +6 broad axe of electrocution (weapon)
 t - the +9 war axe of the Common Good {chop, rN+}
   (You found it on level 4 of the Shoals)

   It inflicts extra damage upon your enemies.
   It protects you from negative energy.
Armour
 c - a +1 hat (worn)
 i - a +0 shield of protection (worn)
 D - the +0 pair of gloves of Moawn {Regen+ rCorr Int-4 Dex+4}
   (You found it on level 2 of the Shoals)

   It affects your intelligence (-4).
   It affects your dexterity (+4).
   It increases your rate of regeneration.
   It protects you from acid and corrosion.
 H - a +2 cloak of magic resistance (worn)
 M - the +2 pair of boots of the Assassin (worn) {DetectMon Stab+ Stlth++}
   (You found it on level 6 of the Lair of Beasts)

   It makes you much more stealthy.
 O - +0 storm dragon scales (worn)
Jewellery
 r - a +6 ring of evasion
 y - an uncursed ring of flight
 C - an uncursed ring of resist corrosion
 E - an uncursed ring of positive energy
 G - a ring of protection from fire (right hand)
 I - a +3 amulet of reflection (around neck)
 K - an uncursed ring of ice
 R - the ring "Etseri" (left hand) {rPois rC+ MP+9 Stlth+}
   (You took it off a merfolk on level 4 of the Shoals)

   [ring of stealth]

   It protects you from cold.
   It protects you from poison.
   It affects your magic capacity (+9).
   It makes you more stealthy.
 W - an uncursed ring of see invisible
Wands
 b - a wand of teleportation (4/9)
 p - a wand of hasting (8/9)
 s - a wand of disintegration (17/24)
 u - a wand of acid (9/15)
 A - a wand of flame (9/48)
Scrolls
 d - 2 scrolls of fear
 g - 2 scrolls of holy word
 h - 10 scrolls of remove curse
 n - a scroll of magic mapping
 x - 7 scrolls of amnesia
 z - 15 scrolls of teleportation
 J - 7 scrolls of identify
 P - 3 scrolls of blinking
 Q - 4 scrolls of fog
 T - 3 scrolls of recharging
 Y - 2 scrolls of enchant armour
 Z - a scroll of silence
Potions
 e - 4 potions of flight
 j - 10 potions of curing
 k - 3 potions of magic
 l - 3 potions of cancellation
 q - 4 potions of haste
 v - 4 potions of brilliance
 B - 3 potions of ambrosia
 F - 2 potions of invisibility
 L - 2 potions of cure mutation
 N - a potion of experience
 V - a potion of heal wounds
 X - 5 potions of agility
Miscellaneous
 o - the horn of Geryon
 U - a phial of floods
Comestibles
 f - 21 bread rations
 m - 14 fruits
 w - 15 meat rations


   Skills:
 + Level 16.6 Fighting
 * Level 23.4 Axes
 - Level 2.0 Throwing
 * Level 17.3 Armour
 + Level 16.0 Dodging
 - Level 4.4 Stealth
 + Level 13.9 Shields
 - Level 10.3 Invocations
 + Level 3.9 Evocations


You had 6 spell levels left.
You knew the following spells:

 Your Spells              Type           Power        Failure   Level  Hunger
a - Regeneration          Chrm/Necr      #.........   100%        3    ####...
b - Passage of Golubria   Tloc           N/A          100%        4    #####..
c - Shroud of Golubria    Chrm/Tloc      #.........   100%        2    ###....
d - Swiftness             Chrm/Air       #.......     100%        2    ###....
e - Repel Missiles        Chrm/Air       #.....       100%        2    ###....


Dungeon Overview and Level Annotations

Branches:
Dungeon (15/15)            Temple (1/1) D:6            Lair (6/6) D:9
 Shoals (4/4) Lair:4        Snake (4/4) Lair:4        Slime (0/5) Lair:5
    Orc (2/2) D:9             Elf (1/3) Orc:2        Vaults (1/5) D:13
   Hell (1/1)
 Depths: D:15           Dis: Hell:1         Geh: Hell:1         Coc: Hell:1
    Tar: Hell:1

Altars:
Elyvilon
Fedhas
Gozag
Hepliaklqana
Makhleb
Nemelex Xobeh
Okawaru
Qazlal
Ru
Trog
Uskayaw
Vehumet
Xom
Yredelemnul
The Shining One

Shops:
D:7 [   D:15 [   Orc:2 ((%(   Snake:1 *   Snake:4 !

Portals:
Hell: Lair:6

Annotations:
D:10 exclusion: 2 oklob saplings
D:15 Kirke


Innate Abilities, Weirdness & Mutations

You reflexively headbutt those who attack you in melee.
You have a pair of horns on your head.
Your flesh is cold resistant. (rC+)
You are dopey. (Int -2)
Your spells are a little easier to cast, but a little less powerful.


Message History

You kill the fire giant!
Unknown command.
Unknown command.
Things that are here:
a morningstar; a leather armour Unknown command.
Unknown command.
The helpless yaktaur captain fails to defend itself.
You chop the yaktaur captain into pieces!!!!!
You kill the cyclops! x2
The cyclops's corpse shimmers and vanishes!
You kill the yaktaur captain!
The injured rakshasa weaves a defensive illusion!
Unknown command.
Unknown command.
The rakshasa is no longer paralysed. x3
The vault warden is no longer paralysed.
The rakshasa closely misses you.
The vault warden hits you with a great mace!!
You die...

#........ .## #...#
#........ ...## #...#
##.#........
....##...##...#........
.............#........
#...........#......(.
..RR(...## +....)...
#Rp†....# #....)...
#.@# #........ ##))##
#........ #.).(##
#........ #..†(..#
#........ #####'####
#####'### #....).####
#.... #.........# #.##.
#...))....# #.##.
##..#++#..#####...(


You could see a vault warden and 3 rakshasas.

Vanquished Creatures
  Mara (Shoals:3)
  An ancient lich (Abyss:3)
  Bai Suzhen (Shoals:4)
  Geryon (Hell)
  Nikola (Snake:3)
  4 liches
  Asterion (Snake:2)
  Polyphemus (Shoals:3)
  2 krakens
  3 tentacled starspawn
  Roxanne (Snake:1)
  9 nagarajas
  Ilsuiw (Shoals:3)
  A fire giant (Vaults:1)
  Louise (Snake:4)
  Aizul (Snake:2)
  The ghost of PerKiller the Fighter, a journeyman DrFE of Vehumet (Orc:2)
  2 orc warlords (Orc:1)
  5 vault wardens (Vaults:1)
  2 frost giants
  A reaper (Hell)
  2 ironheart preservers (Vaults:1)
  A stone giant (Vaults:1)
  Azrael (Snake:1)
  A dire elephant (Lair:6)
  A fire dragon (Abyss:3)
  7 merfolk javelineers (Shoals:4)
  Snorg (D:13)
  7 vault guards
  Erolcha (Orc:1)
  2 yaktaur captains (Vaults:1)
  9 merfolk impalers
  A great orb of eyes (Vaults:1)
  5 hydras (Lair:6)
  21 naga warriors
  4 alligator snapping turtles
  11 anacondas
  4 merfolk avatars (Shoals:4)
  A catoblepas (Shoals:2)
  6 centaur warriors
  An ice dragon (Abyss:3)
  2 dancing weapons (Abyss:3)
  Erica (Orc:1)
  7 ogre magi
  An alligator (Lair:6)
  3 merfolk aquamancers
  2 satyrs
  2 tengu warriors (D:14)
  5 thrashing horrors
  6 death yaks
  2 orc high priests (Orc:1)
  9 shock serpents
  20 naga sharpshooters
  A deep elf knight (Vaults:1)
  A wretched star (Abyss:2)
  8 skeletal warriors
  A spatial maelstrom (Abyss:3)
  2 sixfirhies
  3 salamander mystics
  A glowing orange brain (Abyss:2)
  3 unseen horrors
  10 sea snakes
  2 ironbrand convokers (Vaults:1)
  13 naga ritualists
  5 hill giants
  2 deep trolls (Orc:2)
  4 orc knights
  9 harpies
  A lindwurm (Lair:4)
  A deep elf archer (Vaults:1)
  3 wizards
  Pikel (D:7)
  2 orc sorcerers (Orc:1)
  5 deep elf magi
  18 mana vipers
  4 large abominations
  An orb spider (shapeshifter) (Vaults:1)
  3 ugly things
  4 salamanders
  An oklob plant (Lair:6)
  7 cyclopes
  4 fauns
  11 manticores
  A rust devil (Hell)
  8 elephants
  40 black mambas
  2 vault sentinels (Vaults:1)
  20 naga magi
  5 water nymphs
  Maurice (D:8)
  6 sirens
  An apocalypse crab (Abyss:2)
  2 ice statues
  4 orange demons (Lair:6)
  4 guardian serpents (Snake:4)
  5 smoke demons
  4 centaur skeletons
  8 spiny frogs
  12 yaktaurs (Vaults:1)
  4 komodo dragons
  A freezing wraith (Lair:6)
  4 rime drakes
  2 efreet
  2 ice devils (Lair:6)
  2 hellwings
  An ancient zyme (Abyss:3)
  3 red devils (Lair:6)
  36 merfolk
  10 trolls
  8 two-headed ogres
  2 hornets
  12 polar bears
  3 snapping turtles
  5 dream sheep (Lair:5)
  Grinder (D:3)
  7 raiju (Abyss:2)
  2 wind drakes
  12 hippogriffs
  A two-headed ogre (shapeshifter) (Vaults:1)
  17 blink frogs
  14 slime creatures
  9 water elementals
  2 vampires
  A shadow (D:14)
  5 wyverns
  Sigmund (D:5)
  A human (D:10)
  2 wraiths
  5 basilisks
  57 yaks
  5 fire elementals
  6 hogs
  5 fire bats (Abyss:3)
  2 neqoxecs (Abyss:2)
  A golden eye (shapeshifter) (Vaults:1)
  A merfolk zombie (Abyss:3)
  2 hungry ghosts (D:13)
  A spatial vortex (Abyss:3)
  6 chaos spawn (Abyss:3)
  80 nagas
  4 wargs
  A soldier ant (D:13)
  12 water moccasins
  4 porcupines
  2 hell hounds (Snake:1)
  23 orc warriors
  10 ice beasts
  3 sky beasts
  4 slaves (D:7)
  A hornet zombie (D:10)
  3 black bears
  A necrophage (D:11)
  4 phantoms
  27 ogres
  A boggart (Vaults:1)
  20 wolves
  17 centaurs
  13 crocodiles
  2 big kobolds
  12 bullfrogs
  A gnoll sergeant (D:8)
  An earth elemental (Elf:1)
  A scorpion (D:4)
  6 small abominations
  9 killer bees
  An orc simulacrum (Vaults:1)
  2 electric eels (Lair:1)
  A howler monkey (D:5)
  A bullfrog zombie (D:13)
  5 crimson imps
  3 centaur zombies
  A quasit (Abyss:2)
  7 starcursed masses (Abyss:2)
  12 hounds
  13 orc priests
  6 jellies
  3 iron imps
  18 orc wizards
  Ijyb (D:2)
  Jessica (D:2)
  Natasha (D:3)
  6 iguanas
  18 worker ants
  Terence (D:2)
  12 gnolls
  A howler monkey skeleton (D:4)
  21 adders
  3 shadow imps
  A white imp (Lair:6)
  An ufetubus (Abyss:2)
  3 oozes
  An adder skeleton (D:7)
  An adder zombie (D:8)
  A worm (D:2)
  4 dart slugs
  6 leopard geckos
  73 orcs
  5 ball pythons (D:10)
  5 bats
  5 giant cockroaches
  8 hobgoblins
  27 jackals
  5 quokkas
  4 frilled lizards
  6 goblins
  20 kobolds
  A leopard gecko zombie (D:5)
  11 rats
  4 fungi
  6 plants
  2 starspawn tentacles (Abyss:3)
  7 tentacles
1310 creatures vanquished.

Vanquished Creatures (others)
  A lich (Abyss:3)
  A centaur warrior (D:12)
  A merfolk aquamancer (Shoals:4)
  2 naga sharpshooters (Snake:4)
  3 yaktaurs (Vaults:1)
  A yak (IceCv)
  A naga (Snake:3)
  A bush (D:10)
  4 fungi (Lair:6)
  6 plants
  12 tentacles
33 creatures vanquished.

Grand Total: 1343 creatures vanquished

Notes
Turn   | Place    | Note
-------+----------+-------------------------------------------
     0 | D:1      | inmateoo the Minotaur Gladiator began the quest for the Orb.
     0 | D:1      | Reached XP level 1. HP: 18/18 MP: 0/0
    91 | D:1      | Reached skill level 1 in Armour
   150 | D:1      | Reached skill level 4 in Axes
   150 | D:1      | Reached XP level 2. HP: 25/25 MP: 1/1
   500 | D:1      | Reached XP level 3. HP: 24/30 MP: 2/2
   916 | D:2      | Noticed Terence
   920 | D:2      | Noticed Ijyb
   923 | D:2      | Killed Terence
   930 | D:2      | Killed Ijyb
   930 | D:2      | Reached skill level 5 in Axes
   930 | D:2      | Reached XP level 4. HP: 31/38 MP: 3/3
  1640 | D:2      | Noticed Jessica
  1645 | D:2      | Killed Jessica
  1645 | D:2      | Reached XP level 5. HP: 30/45 MP: 4/4
  1844 | D:3      | Found a bloodstained altar of Trog.
  1912 | D:3      | Noticed Grinder
  1940 | D:3      | Paralysed by Grinder for 2 turns
  1944 | D:3      | Killed Grinder
  1944 | D:3      | Reached skill level 6 in Axes
  1944 | D:3      | Reached XP level 6. HP: 28/52 MP: 5/5
  2211 | D:3      | Reached XP level 7. HP: 50/60 MP: 6/6
  2308 | D:3      | Reached skill level 7 in Axes
  2333 | D:3      | Noticed Natasha
  2341 | D:3      | Killed Natasha
  3044 | D:5      | Entered Level 5 of the Dungeon
  3184 | D:5      | Reached skill level 8 in Axes
  3184 | D:5      | Reached skill level 5 in Dodging
  3214 | D:5      | Reached skill level 5 in Fighting
  3217 | D:5      | Reached skill level 5 in Armour
  3333 | D:5      | Reached XP level 8. HP: 68/68 MP: 7/7
  3645 | D:5      | Noticed Sigmund
  3665 | D:5      | Killed Sigmund
  3725 | D:5      | Reached skill level 9 in Axes
  3936 | D:6      | Found a white marble altar of Elyvilon.
  4238 | D:6      | Found a staircase to the Ecumenical Temple.
  4344 | Temple   | Entered the Ecumenical Temple
  4370 | Temple   | Became a worshipper of Uskayaw the Reveler
  4427 | D:6      | Reached * piety under Uskayaw
  4467 | D:6      | Reached ** piety under Uskayaw
  4822 | D:7      | Noticed Pikel
  4841 | D:7      | Killed Pikel
  4841 | D:7      | Reached skill level 10 in Axes
  4841 | D:7      | Reached XP level 9. HP: 65/78 MP: 8/8
  4841 | D:7      | Reached *** piety under Uskayaw
  4855 | D:7      | Reached **** piety under Uskayaw
  5062 | D:7      | Found Hahepiud's Antique Armour Boutique.
  5068 | D:7      | Bought a glowing cloak for 294 gold pieces
  5190 | D:8      | Reached ***** piety under Uskayaw
  5269 | D:8      | Noticed Maurice
  5272 | D:8      | Reached skill level 11 in Axes
  5293 | D:8      | Reached ****** piety under Uskayaw
  5309 | D:8      | Killed Maurice
  5311 | D:8      | Found a sparkling altar of Nemelex Xobeh.
  5358 | D:8      | Gained mutation: You are dopey. (Int -2) [potion of mutation]
  5358 | D:8      | Gained mutation: You possess an exceptional clarity of mind. [potion of mutation]
  5358 | D:8      | Gained mutation: Your flesh is cold resistant. (rC+) [potion of mutation]
  5436 | D:8      | Found a white marble altar of Elyvilon.
  5673 | D:9      | Reached XP level 10. HP: 87/88 MP: 9/9
  5725 | D:9      | Found a staircase to the Lair.
  5753 | D:9      | Found a staircase to the Orcish Mines.
  5775 | D:9      | Learned a level 3 spell: Regeneration
  5778 | D:9      | Learned a level 2 spell: Song of Slaying
  5781 | D:9      | Learned a level 2 spell: Shroud of Golubria
  6230 | D:10     | Entered Level 10 of the Dungeon
  6347 | D:10     | Reached skill level 12 in Axes
  6351 | D:10     | Noticed a skeletal warrior
  6351 | D:10     | Noticed a skeletal warrior
  6378 | D:11     | Killed a skeletal warrior
  6607 | D:11     | Noticed a hill giant
  6615 | D:11     | Killed a hill giant
  6615 | D:11     | Reached skill level 1 in Invocations
  6693 | D:11     | Killed an unseen horror
  6824 | D:11     | Noticed a manticore
  6831 | D:11     | Killed a manticore
  6831 | D:11     | Reached skill level 13 in Axes
  7040 | D:11     | Reached XP level 11. HP: 84/95 MP: 11/11
  7460 | D:11     | Noticed a cyan ugly thing
  7472 | D:11     | Killed a cyan ugly thing
  7913 | D:12     | Reached skill level 10 in Armour
  7992 | D:12     | Killed an unseen horror
  8016 | D:12     | Reached skill level 14 in Axes
  8559 | D:13     | Noticed Snorg
  8560 | D:13     | Noticed a centaur warrior
  8568 | D:13     | Killed Snorg
  8568 | D:13     | Reached skill level 10 in Fighting
  8575 | D:13     | Killed a centaur warrior
  8575 | D:13     | Reached skill level 5 in Invocations
  8575 | D:13     | Reached XP level 12. HP: 12/106 MP: 14/14
  8972 | D:13     | Noticed a centaur warrior
  8982 | D:13     | Killed a centaur warrior
  9050 | D:13     | Noticed a vault guard
  9051 | D:13     | Noticed a vault guard
  9052 | D:13     | Noticed a vault guard
  9053 | D:13     | Noticed a centaur warrior
  9053 | D:13     | Noticed a vault guard
  9075 | D:13     | Killed a centaur warrior
  9076 | D:13     | Killed a vault guard
  9076 | D:13     | Killed a vault guard
  9076 | D:13     | Reached skill level 15 in Axes
  9076 | D:13     | Reached skill level 10 in Dodging
  9093 | D:13     | Killed a vault guard
  9096 | D:13     | Killed a vault guard
  9373 | D:13     | Found a gate to the Vaults.
  9817 | D:13     | Noticed a centaur warrior
  9831 | D:13     | Killed a centaur warrior
 10413 | D:14     | Cast into level 2 of the Abyss (a wizard)
 10420 | D:14     | Escaped the Abyss
 10433 | D:14     | Reached XP level 13. HP: 68/116 MP: 16/16
 10787 | D:14     | Reached skill level 16 in Axes
 11018 | D:15     | Entered Level 15 of the Dungeon
 11018 | D:15     | Found Puobok's Antique Armour Boutique.
 11030 | D:15     | Noticed Kirke
 11597 | D:10     | Paralysed by a hornet for 1 turns
 11728 | D:10     | Learned a level 2 spell: Swiftness
 11997 | Lair:1   | Entered Level 1 of the Lair of Beasts
 12003 | Lair:1   | Reached skill level 1 in Shields
 12183 | Lair:1   | Found a frozen archway.
 12270 | IceCv    | Entered an ice cave
 12901 | IceCv    | Noticed a frost giant
 12916 | IceCv    | Killed a frost giant
 12916 | IceCv    | Reached skill level 17 in Axes
 13014 | Lair:1   | Learned a level 4 spell: Passage of Golubria
 13386 | Lair:2   | Reached XP level 14. HP: 126/126 MP: 18/18
 14893 | Lair:4   | Found a staircase to the Shoals.
 15053 | Lair:4   | Found a staircase to the Snake Pit.
 15518 | Lair:4   | Got a scorched cloak
 15529 | Lair:4   | Identified the +0 cloak "Jucegref" {Str+4} (You found it on level 4 of the Lair of Beasts)
 15784 | Lair:5   | Found a staircase to the Slime Pits.
 15843 | Lair:5   | Reached skill level 5 in Shields
 16097 | Lair:6   | Entered Level 6 of the Lair of Beasts
 16561 | Lair:6   | Reached skill level 18 in Axes
 17299 | Lair:6   | Cast into level 2 of the Abyss (a wizard)
 17332 | Abyss:2  | Reached XP level 15. HP: 134/134 MP: 20/20
 17387 | Abyss:2  | Noticed a tentacled starspawn
 17389 | Abyss:2  | Killed a tentacled starspawn
 17559 | Abyss:2  | Gained mutation: Your spells are a little easier to cast, but a little less powerful. [a neqoxec]
 17624 | Abyss:2  | Noticed a tentacled starspawn
 17633 | Abyss:2  | Killed a tentacled starspawn
 17865 | Lair:6   | Escaped the Abyss
 17977 | Lair:6   | Found a burning altar of Makhleb.
 18002 | Lair:6   | Found a gateway to Hell.
 18011 | Hell     | Entered the Vestibule of Hell
 18011 | Hell     | Noticed Geryon
 18032 | Hell     | Killed Geryon
 18278 | Lair:6   | Reached skill level 19 in Axes
 18477 | Orc:1    | Entered Level 1 of the Orcish Mines
 18477 | Orc:1    | Noticed Erolcha
 18489 | Orc:1    | Killed Erolcha
 18638 | Orc:1    | Noticed Erica
 18647 | Orc:1    | Killed Erica
 18647 | Orc:1    | Reached skill level 1 in Stealth
 18751 | Orc:1    | Noticed an orc warlord
 18754 | Orc:1    | Noticed an orc warlord
 18768 | Orc:1    | Killed an orc warlord
 18777 | Orc:1    | Killed an orc warlord
 19737 | Orc:2    | Entered Level 2 of the Orcish Mines
 19777 | Orc:2    | Found a bloodstained altar of Trog.
 19887 | Orc:2    | Noticed PerKiller's ghost (journeyman DrFE)
 19890 | Orc:2    | Found a staircase to the Elven Halls.
 19906 | Orc:2    | Killed PerKiller's ghost
 19926 | Orc:2    | Reached skill level 10 in Invocations
 19932 | Elf:1    | Entered Level 1 of the Elven Halls
 19945 | Elf:1    | Reached XP level 16. HP: 50/144 MP: 22/22
 20260 | Orc:2    | Found Qubb's Antique Weapon Boutique.
 20268 | Orc:2    | Found Punappih's Weapon Boutique.
 20280 | Orc:2    | Found Sotwon's Antique Weapon Emporium.
 20291 | Orc:2    | Found Qidur's Food Shop.
 20762 | Snake:1  | Entered Level 1 of the Snake Pit
 20762 | Snake:1  | Noticed Roxanne
 21003 | Snake:1  | Noticed Azrael
 21010 | Snake:1  | Killed Roxanne
 21015 | Snake:1  | Killed Azrael
 21021 | Snake:1  | Identified Roxanne's Grimoire of the Mountains (You took it off Roxanne on level 1 of the Snake Pit)
 21112 | Snake:1  | Found Rud Nog's General Store.
 22286 | Snake:2  | Reached skill level 20 in Axes
 22480 | Snake:2  | Noticed Asterion
 22751 | Snake:2  | Killed Asterion
 22904 | Snake:2  | Noticed Aizul
 22923 | Snake:2  | Killed Aizul
 23374 | Snake:3  | Noticed Nikola
 23390 | Snake:3  | Killed Nikola
 23623 | Snake:3  | Found a flickering gateway to a bazaar.
 23633 | Bazaar   | Entered a bazaar
 23646 | Bazaar   | Found Keoqef's Gadget Shoppe.
 23697 | Bazaar   | Found Bukoijuo's Jewellery Shoppe.
 23705 | Bazaar   | Bought a +2 amulet of reflection for 325 gold pieces
 23710 | Bazaar   | Bought an uncursed ring of resist corrosion for 260 gold pieces
 23753 | Bazaar   | Found Saply's Magic Scroll Shoppe.
 23761 | Bazaar   | Bought a scroll of immolation for 56 gold pieces
 23761 | Bazaar   | Bought a scroll of silence for 120 gold pieces
 23761 | Bazaar   | Bought 3 scrolls of identify for 96 gold pieces
 23796 | Bazaar   | Found Uloqoim's Book Boutique.
 23994 | Bazaar   | Bought a book of Air for 280 gold pieces
 23997 | Bazaar   | Learned a level 2 spell: Repel Missiles
 24118 | Snake:3  | Reached XP level 17. HP: 113/152 MP: 23/23
 24646 | Snake:3  | Reached skill level 10 in Shields
 25048 | Snake:3  | Found a stormy altar of Qazlal.
 25391 | Snake:4  | Entered Level 4 of the Snake Pit
 25482 | Snake:4  | Found Umicvi's Distillery.
 25488 | Snake:4  | Bought a potion of heal wounds for 80 gold pieces
 25488 | Snake:4  | Bought a potion of heal wounds for 80 gold pieces
 25488 | Snake:4  | Bought a potion of haste for 160 gold pieces
 25488 | Snake:4  | Bought a potion of curing for 48 gold pieces
 25488 | Snake:4  | Bought a potion of agility for 64 gold pieces
 25488 | Snake:4  | Bought a potion of curing for 48 gold pieces
 25488 | Snake:4  | Bought a potion of haste for 160 gold pieces
 25928 | Snake:4  | Reached skill level 15 in Armour
 26023 | Snake:4  | Noticed Louise
 26036 | Snake:4  | Killed Louise
 26787 | Snake:4  | Reached skill level 21 in Axes
 28649 | Snake:4  | Reached skill level 15 in Fighting
 28799 | Snake:4  | Reached XP level 18. HP: 101/163 MP: 24/24
 29525 | Snake:4  | Got a serpentine rune of Zot
 29749 | Shoals:1 | Entered Level 1 of the Shoals
 30422 | Shoals:2 | Got a pair of bloodstained gloves
 30430 | Shoals:2 | Identified the +0 pair of gloves of Moawn {Regen+ rCorr Int-4 Dex+4} (You found it on level 2 of the Shoals)
 30430 | Shoals:2 | Lost intelligence.
 30739 | Shoals:2 | Lost mutation: You possess an exceptional clarity of mind. [a Zot trap]
 30940 | Shoals:3 | Noticed Polyphemus
 30995 | Shoals:3 | Reached skill level 22 in Axes
 30998 | Shoals:3 | Killed Polyphemus
 31034 | Shoals:3 | Cast into level 2 of the Abyss (merfolk)
 31088 | Abyss:3  | Found a corrupted altar of Lugonu.
 31158 | Abyss:3  | Found a blossoming altar of Fedhas.
 31189 | Abyss:3  | Reached skill level 15 in Dodging
 31303 | Abyss:3  | Noticed an ancient lich
 31318 | Abyss:3  | Killed an ancient lich
 31321 | Abyss:3  | Noticed a lich
 31327 | Abyss:3  | Killed a lich
 31335 | Abyss:3  | Noticed a lich
 31337 | Abyss:3  | Killed a lich
 31340 | Abyss:3  | Noticed a lich
 31344 | Abyss:3  | Killed a lich
 31354 | Abyss:3  | Got an abyssal rune of Zot
 31376 | Shoals:3 | Escaped the Abyss
 31723 | Shoals:3 | Noticed Mara
 31728 | Shoals:3 | Reached XP level 19. HP: 125/172 MP: 25/25
 31991 | Shoals:3 | Noticed inmateoo's illusion
 31998 | Shoals:3 | Killed Mara
 31998 | Shoals:3 | Reached skill level 1 in Evocations
 32169 | Shoals:4 | Entered Level 4 of the Shoals
 32169 | Shoals:4 | Noticed Ilsuiw
 32188 | Shoals:3 | Killed Ilsuiw
 32555 | Shoals:4 | Noticed Bai Suzhen
 32576 | Shoals:4 | Killed Bai Suzhen
 33072 | Shoals:4 | Got a barnacled rune of Zot
 33511 | Shoals:3 | Reached skill level 23 in Axes
 34403 | Shoals:4 | Got a crystal war axe
 34404 | Shoals:4 | Identified the +9 war axe of the Common Good {chop, rN+} (You found it on level 4 of the Shoals)
 34598 | Shoals:4 | Got a flickering ivory ring
 34987 | Vaults:1 | Entered Level 1 of the Vaults
 35043 | Vaults:1 | Identified the ring "Etseri" {rPois rC+ MP+9 Stlth+} (You took it off a merfolk on level 4 of the Shoals)
 35062 | Vaults:1 | Cast into level 2 of the Abyss (a deep elf demonologist)
 35071 | Vaults:1 | Escaped the Abyss
 35724 | Vaults:1 | Reached XP level 20. HP: 77/182 MP: 26/26
 35738 | Vaults:1 | Slain by a vault warden

Skill      XL: |  1  2  3  4  5  6  7  8  9 10 11 12 13 14 15 16 17 18 19 20 |
---------------+-------------------------------------------------------------+-----
Armour         | 1 2 3 4 5 6 7 9 10 11 12 13 14 15 16 17 | 17.3
Axes           | 4 5 6 8 10 11 13 14 15 17 18 19 20 21 22 23 | 23.4
Fighting       | 3 4 5 6 7 8 10 11 12 13 14 15 16 | 16.6
Dodging        | 4 5 6 7 8 9 10 11 12 13 14 15 16 | 16.0
Invocations    | 2 5 6 7 9 10 | 10.3
Shields        | 3 6 8 9 11 12 13 | 13.9
Stealth        | 2 4 |  4.4
Evocations     | 3 |  3.9
Throwing       | |  2.0

Action                   |  1- 3 |  4- 6 |  7- 9 | 10-12 | 13-15 | 16-18 | 19-21 || total
-------------------------+-------+-------+-------+-------+-------+-------+-------++-------
Melee: War axe           |    49 |   125 |   174 |       |       |       |       ||   348
       Headbutt          |     9 |    24 |    45 |   107 |   248 |   260 |   110 ||   803
       Broad axe         |       |       |   120 |   434 |  1006 |  1104 |   467 ||  3131
Invok: Line Pass         |       |       |       |     1 |       |       |     1 ||     2
       Stomp             |       |       |       |       |     1 |     2 |       ||     3
       Grand Finale      |       |       |       |       |       |       |     1 ||     1
Evoke: Horn of Geryon    |       |       |       |       |       |       |     1 ||     1
       Phial of floods   |       |       |       |       |       |       |     1 ||     1
  Use: Scroll            |       |       |    20 |     5 |    18 |     3 |     6 ||    52
       Potion            |       |       |     1 |     3 |     3 |    11 |     3 ||    21
 Stab: Paralysed         |       |       |     4 |    36 |   104 |   118 |    31 ||   293
       Invisible         |       |       |       |       |     1 |       |       ||     1
       Distracted        |       |       |       |       |       |     2 |       ||     2
       Petrified         |       |       |       |       |       |     1 |       ||     1
       Sleeping          |       |       |       |       |       |       |     1 ||     1
  Eat: Chunk             |       |     4 |    12 |    11 |    19 |     3 |     1 ||    50
       Pizza             |       |       |       |     3 |     8 |       |     1 ||    12
       Meat ration       |       |       |       |       |     1 |       |     1 ||     2
       Fruit             |       |       |       |       |       |     6 |     7 ||    13
       Beef jerky        |       |       |       |       |       |    14 |     2 ||    16
       Royal jelly       |       |       |       |       |       |     3 |       ||     3
Armor: Leather armour    |    17 |       |       |       |       |       |       ||    17
       Chain mail        |     3 |    40 |    88 |   185 |   169 |       |       ||   485
       Skin              |       |       |       |       |    23 |       |       ||    23
       Plate armour      |       |       |       |       |    92 |       |       ||    92
       Storm dragon scal |       |       |       |       |    29 |   247 |   105 ||   381
Dodge: Dodged            |    27 |   101 |   274 |   364 |   497 |   578 |   260 ||  2101
Block: Shield            |       |       |       |       |   349 |   724 |   322 ||  1395
       Reflection        |       |       |       |       |       |    85 |    50 ||   135
